 Dungeon Crawl Stone Soup version 0.25.1-2-g60ff931df9 (webtiles) character file.

Game seed: 11052752445774054866

86 Acheron the Charlatan (level 4, 0/26 HPs)
             Began as a Kobold Artificer on Oct 1, 2020.
             Slain by a bat (1 damage)
             ... on level 3 of the Dungeon.
             The game lasted 00:12:19 (2000 turns).

Acheron the Charlatan (Kobold Artificer)            Turns: 2000, Time: 00:12:20

Health: 0/26       AC:  8    Str: 10    XL:     4   Next: 78%
Magic:  7/7        EV: 14    Int: 12    God:
Gold:   95         SH:  0    Dex: 15    Spells: 3/3 levels left

rFire    . . .     SeeInvis .   q - +1 mace (vorpal)
rCold    . . .     Gourm    .   (shield restricted)
rNeg     . . .     Faith    .   h - +0 ring mail
rPois    .         Spirit   .   (no helmet)
rElec    .         Reflect  .   (no cloak)
rCorr    .         Harm     .   k - +0 pair of gloves
MR       .....                  n - +1 pair of boots
Stlth    +.........             (no amulet)
HPRegen  0.08/turn              (no ring)
MPRegen  0.10/turn              (no ring)

@: brilliant, stab
A: small, carnivore
a: no special abilities


You were on level 3 of the Dungeon.
You were completely stuffed.

You visited 1 branch of the dungeon, and saw 3 of its levels.

You collected 95 gold pieces.

Inventory:

Hand Weapons
 a - a +0 short sword
 l - a +0 whip
 m - a +0 spear
 q - a +1 vorpal mace (weapon)
Missiles
 j - 77 stones (quivered)
Armour
 b - a +0 leather armour
 h - a +0 ring mail (worn)
 k - a +0 pair of gloves (worn)
 n - a +1 pair of boots (worn)
Jewellery
 o - an uncursed amulet of magic regeneration
Wands
 c - a wand of flame (8)
 d - a wand of enslavement (15)
 e - a wand of random effects (15)
 v - a wand of clouds (4)
Scrolls
 s - a scroll of immolation {unknown}
 u - a scroll of identify
Potions
 i - a potion of flight
Comestibles
 f - 3 rations
 p - 2 chunks of flesh


   Skills:
 * Level 2.0 Fighting
 * Level 2.7 Short Blades
 * Level 0.5 Maces & Flails
 * Level 0.9 Throwing
 * Level 0.3 Armour
 * Level 3.4 Dodging
 * Level 2.2 Stealth
 * Level 4.0 Evocations


You had 3 spell levels left.
You didn't know any spells.
Your spell library was empty.

Dungeon Overview and Level Annotations

Branches:
Dungeon (3/15)

Altars:
Cheibriados
Sif Muna


Innate Abilities, Weirdness & Mutations

You are small and have problems with some larger weapons.
You are carnivorous and can eat meat at any time.


Message History

* * * LOW HITPOINT WARNING * * *
It was a potion of brilliance.
You feel clever all of a sudden. The bat barely misses you.
The bat completely misses you. The phantom hits you.
* * * LOW HITPOINT WARNING * * *
The bat barely misses you.
The phantom blinks!
The bat hits you but does no damage.
There is an open door here.
The bat barely misses you.
You thump the rat!
You kill the rat!
The bat misses you.
You hit the phantom.
The phantom is heavily damaged.
The phantom blinks!
The phantom closely misses you. The bat hits you.
* * * LOW HITPOINT WARNING * * *
You sock the phantom!
The phantom is severely damaged.
The bat hits you.
You die...

### #.#
#...###.##### #
#.......#...#
.#
#.......#.8.+
#.
#....##.#...#..
#.... #.#...#.
#... #.'.8.'###
... #.#..W#..##
### #.#...#@W.#
#.#.8(b#...#
#.#...###..+
#.##### ### #.#
###


You could see a phantom and a bat.

Vanquished Creatures
  3 oozes
  A worm (D:2)
  4 dart slugs
  2 leopard geckos
  3 ball pythons
  3 giant cockroaches
  6 goblins
  6 hobgoblins
  4 jackals (D:2)
  10 bats
  A frilled lizard (D:3)
  8 kobolds
  7 rats
58 creatures vanquished.

Vanquished Creatures (others)
  A goblin (D:1)
1 creature vanquished.

Grand Total: 59 creatures vanquished

Notes
Turn   | Place    | Note
-------+----------+-------------------------------------------
     0 | D:1      | Acheron the Kobold Artificer began the quest for the Orb.
     0 | D:1      | Reached XP level 1. HP: 12/12 MP: 3/3
   303 | D:1      | Reached XP level 2. HP: 10/16 MP: 4/4
   647 | D:1      | Reached XP level 3. HP: 14/20 MP: 5/5
   759 | D:2      | Found a snail-covered altar of Cheibriados.
   796 | D:1      | Reached skill level 4 in Evocations
  1122 | D:1      | Reached XP level 4. HP: 26/26 MP: 7/7
  1611 | D:2      | Found a shimmering blue altar of Sif Muna.
  1981 | D:3      | Noticed a phantom
  1999 | D:3      | HP: 1/26 [bat (1)]
  2000 | D:3      | Slain by a bat

Illustrated notes

Levels and vault maps discovered:
D:1:      sevenhm_arrival_forest_fort_large_1, layout_rooms, hex_large,
          ebering_dispersal_statue_hall, minmay_pentomino_x4
D:2:      layout_basic, overflow_temple_1_default, lemuel_round_altar
D:3:      minmay_chambers_of_threes, layout_basic, zin_purify,
          grunt_temple_overflow_forces_of_nature, st_stairs_5,
          minmay_fountain_box, kennysheep_cross_bottleneck

Skill      XL: |  1  2  3  4 |
---------------+-------------+-----
Dodging        | 3 |  3.4
Evocations     | 4 |  4.0
Short Blades   | 2 |  2.7
Stealth        | 2 |  2.2
Fighting       | 2 |  2.0
Maces & Flails | |  0.5
Throwing       | |  0.9
Armour         | |  0.3

Action                   |  1- 3 |  4- 6 || total
-------------------------+-------+-------++-------
Melee: Short sword       |   118 |       ||   118
       Mace              |     4 |    72 ||    76
Throw: Stone             |     1 |       ||     1
Evoke: Wand              |     7 |       ||     7
  Use: Scroll            |     3 |     1 ||     4
       Potion            |       |     3 ||     3
  Eat: Chunk             |     9 |     3 ||    12
Armor: Ring mail         |    57 |    39 ||    96
Dodge: Dodged            |   139 |    82 ||   221
